 Dungeon Crawl Stone Soup version 0.22-a0-362-g535178c5c5 (webtiles) character file.

149727 Laan the Devastator (level 18, -6/85 HPs)
             Began as a Kobold Fire Elementalist on Apr 20, 2018.
             Was the Champion of Vehumet.
             Mangled by a guardian serpent (20 damage)
             ... on level 4 of the Snake Pit on Apr 21, 2018.
             The game lasted 02:01:24 (38186 turns).

Laan the Devastator (Kobold Fire Elementalist)     Turns: 38186, Time: 02:01:24

Health: -6/85      AC: 11    Str:  4    XL:     18   Next: 14%
Magic:  36/70      EV: 12    Int: 34    God:    Vehumet [******]
Gold:   433        SH:  0    Dex: 12    Spells: 10/47 levels left

rFire    + + .     SeeInvis .   L - staff of power
rCold    + . .     Gourm    .   (shield currently unavailable)
rNeg     + . .     Faith    .   r - +2 robe {rC+ rF+}
rPois    +         Spirit   .   w - +1 helmet of the Mutiny {rPois rF+ Str-2 Int+10 Dex-3}
rElec    .         Reflect  .   q - +0 cloak
rCorr    .         Harm     .   D - +2 pair of gloves of Modesty {rN+}
MR       +....                  F - +0 pair of boots
Stlth    ++........             U - amulet of magic regeneration
HPRegen  0.24/turn              u - ring of magical power
MPRegen  0.67/turn              n - ring "Piasuz" {+Fly MP+9}

@: lethally poisoned (-6 -> -7), constricted, studying Unarmed Combat
A: small, carnivore
a: Renounce Religion, Evoke Flight


You were on level 4 of the Snake Pit.
You worshipped Vehumet.
Vehumet was exalted by your worship.
You were very full.

You visited 5 branches of the dungeon, and saw 28 of its levels.

You collected 2945 gold pieces.
You spent 2512 gold pieces at shops.

Inventory:

Hand Weapons
 k - a +2 vampiric dagger
Missiles
 e - 690 stones (quivered)
Armour
 a - +2 gold dragon scales
 q - a +0 cloak (worn)
 r - a +2 robe of resistance (worn)
 w - the +1 helmet of the Mutiny (worn) {rPois rF+ Str-2 Int+10 Dex-3}
   (You found it on level 4 of the Dungeon)

   It affects your strength (-2).
   It affects your intelligence (+10).
   It affects your dexterity (-3).
   It protects you from fire.
   It protects you from poison.
 A - a +2 buckler of reflection
 D - the +2 pair of gloves of Modesty (worn) {rN+}
   (You bought it in a shop on level 8 of the Dungeon)

   It protects you from negative energy.
 F - a +0 pair of boots (worn)
 R - the +0 pair of gloves "Wenle" {rC- rN++ Dex+3 Stlth+}
   (You acquired it on level 5 of the Lair of Beasts)

   It affects your dexterity (+3).
   It makes you vulnerable to cold.
   It greatly protects you from negative energy.
   It makes you more stealthy.
Magical Staves
 L - an uncursed staff of power (weapon)
Jewellery
 i - an uncursed ring of poison resistance
 n - the ring "Piasuz" (right hand) {+Fly MP+9}
   (You took it off a nagaraja on level 1 of the Snake Pit)

   [ring of flight]

   It affects your magic capacity (+9).
   It lets you fly.
 p - an uncursed ring of protection from magic
 u - a ring of magical power (left hand)
 B - an uncursed ring of protection from fire
 M - a +2 ring of intelligence
 T - an uncursed amulet of regeneration
 U - an amulet of magic regeneration (around neck)
Wands
 E - a wand of flame (46)
 I - a wand of scattershot (4)
 O - a wand of acid (17)
 P - a wand of paralysis (16)
 Q - a wand of iceblast (5)
 V - a wand of clouds (4)
Scrolls
 b - a scroll of torment {unknown}
 g - 11 scrolls of teleportation
 x - 9 scrolls of remove curse
 y - a scroll of identify
 C - 2 scrolls of fog
 J - 2 scrolls of enchant weapon
Potions
 d - 2 potions of invisibility
 f - 5 potions of curing
 h - 4 potions of mutation
 j - 7 potions of ambrosia
 l - 3 potions of berserk rage
 m - 8 potions of agility
 o - 3 potions of heal wounds
 s - 3 potions of flight
 t - 2 potions of resistance
 v - 3 potions of haste
 z - 4 potions of might
 G - 3 potions of cancellation
 H - 3 potions of lignification
 K - 4 potions of brilliance
Books
 W - a manual of Unarmed Combat
Comestibles
 c - 55 rations


   Skills:
 - Level 2.4 Dodging
 - Level 2.6 Stealth
 + Level 4.9 Shields
 + Level 15.1 Spellcasting
 * Level 20.1 Conjurations
 + Level 15.2 Fire Magic


You had 10 spell levels left.
You knew the following spells:

 Your Spells              Type           Power        Failure   Level  Hunger
a - Throw Flame           Conj/Fire      ######       0%          2    None
b - Conjure Flame         Conj/Fire      #######.     0%          3    None
c - Sticky Flame          Conj/Fire      #######.     0%          4    None
d - Fireball              Conj/Fire      #######...   1%          5    None
e - Magic Dart            Conj           ####         0%          1    None
f - Regeneration          Chrm/Necr      ####......   4%          3    None
g - Bolt of Cold          Conj/Ice       #######...   1%          6    ##.....
h - Bolt of Fire          Conj/Fire      #######...   1%          6    ##.....
i - Flame Tongue          Conj/Fire      #####        0%          1    None
k - Freezing Cloud        Conj/Ice/Air   ######....   4%          6    ##.....


Dungeon Overview and Level Annotations

Branches:
Dungeon (15/15)            Temple (1/1) D:5            Lair (6/6) D:9
 Shoals (0/4) Lair:2        Snake (4/4) Lair:3        Slime (0/5) Lair:5
    Orc (2/2) D:9             Elf (0/3) Orc:2        Vaults (0/5) D:13
 Depths: D:15

Altars:
Ashenzari
Cheibriados
Dithmenos
Elyvilon
Fedhas
Gozag
Kikubaaqudgha
Makhleb
Nemelex Xobeh
Okawaru
Qazlal
Ru
Sif Muna
Trog
Uskayaw
Vehumet
Wu Jian
Xom
Yredelemnul
Zin
The Shining One
Beogh

Shops:
D:5 }:***   D:7 ?   D:8 [   D:13 }   D:14 =(=   Orc:2 !(*:[   Snake:2 !
Snake:3 ?*

Portals:
Hell: Lair:6

Annotations:
D:5 exclusion: 2 downstairs
D:12 exclusion: downstairs
D:13 exclusion: downstairs
D:15 NihilVerum's ghost, journeyman OgFE
Lair:2 exclusion: downstairs


Innate Abilities, Weirdness & Mutations

You are small and have problems with some larger weapons.
You are carnivorous and can eat meat at any time.


Message History

* * * LOW HITPOINT WARNING * * *
x2 The naga warrior constricts you.
You feel much better.
You feel sick.
The naga warrior burns! x2
The naga warrior stops burning.
The naga warrior hits you with a long sword.
The guardian serpent hits you!
Casting: Sticky Flame (safe; 0% risk of failure)
Confirm with . or Enter, or press ? or * to list all spells.
Aiming: Bolt of Fire (safe; 1% risk of failure)
Press: ? - help, Shift-Dir - straight line, f/p - naga warrior
Aim: a naga warrior, wielding a long sword (lightly wounded, covered in liquid flames, catching its breath)
Okay, then.
Unknown command.
You feel much better.
The naga warrior burns!
The guardian serpent hits you!!
The naga warrior hits you but does no damage.
The naga warrior constricts you.
The naga warrior hits you with a long sword!!
* * * LOW HITPOINT WARNING * * *
The guardian serpent hits you!!
You die...

#######.......#
#.............#
#.....$...)..#
#.........†.|+
#...........)#
#####............#
N.........)).....#
.........))...†.S#
....[.....N....N@#
N...............N#
.................#
....#######+######
####


You could see 2 naga warriors, a guardian serpent and a naga.

Vanquished Creatures
  Saint Roka (Orc:2)
  8 nagarajas
  2 orc warlords
  Nessos (D:13)
  Azrael (D:12)
  An ogre mage (D:14)
  Erolcha (D:13)
  Fannar (Lair:3)
  8 vault guards
  8 hydras
  9 naga warriors
  A centaur warrior (D:15)
  12 two-headed ogres
  A catoblepas (Lair:5)
  6 anacondas
  The ghost of Shaidar the Cleaver, a novice MiBe of Trog (D:10)
  A tengu warrior (D:13)
  An orc high priest (Orc:2)
  A naga sharpshooter (Snake:1)
  6 shock serpents
  Sonja (Lair:3)
  A sun demon (Lair:6)
  Urug (Orc:2)
  2 skeletal warriors (D:15)
  4 salamander mystics
  An unseen horror (D:14)
  7 naga ritualists
  A wizard (Lair:6)
  3 orc knights
  5 orc sorcerers
  4 mana vipers
  5 oklob plants
  A cyclops (D:12)
  A manticore (D:10)
  2 deep elf magi
  13 ugly things
  6 salamanders
  7 elephants
  26 black mambas
  15 naga magi
  7 guardian serpents
  A merfolk siren (Lair:2)
  15 spiny frogs
  3 gargoyles
  2 kobold demonologists (D:13)
  3 rime drakes (Lair:6)
  5 ice devils (Lair:6)
  8 komodo dragons
  A hellwing (Lair:6)
  3 merfolk (Lair:2)
  6 meliai
  A polar bear (Lair:6)
  A hornet (Lair:4)
  5 trolls
  5 blink frogs (Lair:6)
  6 slime creatures (D:13)
  8 hippogriffs
  A vampire (D:10)
  2 fire elementals
  A wraith (D:12)
  61 yaks
  A yak (shapeshifter) (D:14)
  4 wyverns
  2 steam dragons
  7 basilisks
  2 hungry ghosts
  6 vampire mosquitoes
  4 wargs
  30 nagas
  A soldier ant (D:12)
  13 water moccasins
  8 hell hounds
  7 porcupines
  32 orc warriors
  8 sky beasts
  3 black bears
  An eye of draining (D:11)
  5 ice beasts
  A hornet zombie (D:13)
  A phantom (D:12)
  A necrophage (D:12)
  17 ogres
  3 wolves (Lair:1)
  3 centaurs
  13 crocodiles
  5 big kobolds
  16 bullfrogs
  7 scorpions
  16 wights
  10 killer bees
  A howler monkey (D:8)
  2 electric eels (D:9)
  4 crimson imps
  4 centaur zombies
  3 quasits
  2 centaur skeletons
  25 orc priests
  39 orc wizards
  A bullfrog skeleton (D:9)
  3 jellies
  Crazy Yiuf (D:2)
  6 hounds
  4 iguanas
  12 worker ants
  A hound zombie (D:7)
  A hound skeleton (D:9)
  2 worker ant zombies
  18 adders
  3 shadow imps
  2 adder zombies
  2 adder skeletons
  5 worms
  2 dart slugs
  7 leopard geckos
  116 orcs
  4 ball pythons
  9 bats
  4 giant cockroaches
  7 goblins
  5 hobgoblins
  14 jackals
  35 kobolds
  3 quokkas
  A frilled lizard (D:1)
  2 leopard gecko skeletons
  A quokka skeleton (D:4)
  A quokka zombie (D:7)
  9 rats
  A bush (Lair:6)
  A butterfly (Lair:6)
  2 fungi (Lair:4)
  2 plants
916 creatures vanquished.

Vanquished Creatures (others)
  An orc (Orc:2)
  15 fungi
  5 plants
21 creatures vanquished.

Grand Total: 937 creatures vanquished

Notes
Turn   | Place    | Note
-------+----------+-------------------------------------------
     0 | D:1      | Laan the Kobold Fire Elementalist began the quest for the Orb.
     0 | D:1      | Reached XP level 1. HP: 10/10 MP: 3/3
   182 | D:1      | Reached XP level 2. HP: 15/15 MP: 3/5
   733 | D:1      | Reached skill level 2 in Conjurations
   818 | D:1      | Reached XP level 3. HP: 19/19 MP: 4/6
  1569 | D:2      | Reached XP level 4. HP: 24/24 MP: 4/8
  1652 | D:2      | Found a runed door.
  1657 | D:2      | Learned a level 3 spell: Conjure Flame
  1662 | D:2      | Learned a level 4 spell: Sticky Flame
  1665 | D:2      | Noticed Crazy Yiuf
  1736 | D:2      | Killed Crazy Yiuf
  1847 | D:2      | Reached skill level 3 in Conjurations
  2097 | D:3      | Reached XP level 5. HP: 22/28 MP: 0/9
  2342 | D:3      | Found a shimmering altar of Xom.
  2476 | D:3      | Reached skill level 4 in Conjurations
  2476 | D:3      | Reached XP level 6. HP: 32/32 MP: 3/11
  3888 | D:4      | Reached XP level 7. HP: 36/36 MP: 8/12
  3942 | D:4      | Reached skill level 5 in Conjurations
  4045 | D:4      | Got a distressingly furry helmet
  4046 | D:4      | Identified the +1 helmet of the Mutiny {rPois rF+ Str-2 Int+10 Dex-3} (You found it on level 4 of the Dungeon)
  4058 | D:4      | Learned a level 5 spell: Fireball
  4671 | D:5      | Entered Level 5 of the Dungeon
  5146 | D:5      | Reached skill level 5 in Fire Magic
  5146 | D:5      | Reached XP level 8. HP: 41/41 MP: 5/14
  5248 | D:5      | Reached skill level 6 in Conjurations
  5285 | D:5      | Found Ukke's Gadget Shop.
  5302 | D:5      | Found Costrargh's General Store.
  5337 | D:5      | Found Uvvoawk's General Store.
  5475 | D:5      | Found Ydghexug's Assorted Antiques.
  5588 | D:5      | Found a staircase to the Ecumenical Temple.
  5602 | Temple   | Entered the Ecumenical Temple
  5759 | Temple   | Became a worshipper of Vehumet
  5864 | D:5      | Reached skill level 5 in Spellcasting
  6582 | D:5      | Found Bonouxze's Book Boutique.
  6747 | D:6      | Found a stormy altar of Qazlal.
  6753 | D:6      | Got a transparent leather armour
  6754 | D:6      | Identified the +2 leather armour of the Blessed Realm {Int+2} (You found it on level 6 of the Dungeon)
  6779 | D:6      | Reached skill level 7 in Conjurations
  6838 | D:6      | Found a radiant altar of Vehumet.
  6987 | D:6      | Reached XP level 9. HP: 27/45 MP: 2/17
  7761 | D:6      | Reached skill level 8 in Conjurations
  7965 | D:6      | Reached * piety under Vehumet
  7965 | D:6      | Offered knowledge of Magic Dart by Vehumet.
  7968 | D:6      | Learned a level 1 spell: Magic Dart
  7972 | D:6      | Learned a level 3 spell: Regeneration
  8652 | D:6      | Reached skill level 9 in Conjurations
  8969 | D:7      | Found Yckonoc's Magic Scroll Boutique.
  8983 | D:7      | Bought a scroll of random uselessness for 14 gold pieces
  9055 | D:7      | Found a flagged portal.
  9178 | D:7      | Reached XP level 10. HP: 50/50 MP: 12/20
  9329 | D:7      | Identified the Catalogue of Mutagenic Necromancy
  9511 | D:7      | Found a white marble altar of Elyvilon.
  9862 | D:7      | Found a burning altar of Makhleb.
  9920 | D:8      | Offered knowledge of Sandblast by Vehumet.
  9941 | D:8      | Reached ** piety under Vehumet
 10087 | D:8      | Reached skill level 10 in Conjurations
 10193 | D:8      | Found Nomom's Antique Armour Emporium.
 10215 | D:8      | Bought a pair of shimmering gloves for 285 gold pieces
 10215 | D:8      | Identified the +2 pair of gloves of Modesty {rN+} (You bought it in a shop on level 8 of the Dungeon)
 10672 | D:8      | Found a sacrificial altar of Ru.
 10710 | D:8      | Noticed a two-headed ogre
 10723 | D:8      | Killed a two-headed ogre
 11041 | D:8      | Found a shattered altar of Ashenzari.
 11041 | D:8      | Found an ornate altar of the Wu Jian Council.
 11351 | D:9      | Found a staircase to the Orcish Mines.
 11369 | D:9      | Offered knowledge of Ignite Poison by Vehumet.
 11793 | D:9      | Reached skill level 11 in Conjurations
 11830 | D:9      | Reached XP level 11. HP: 49/54 MP: 19/23
 12206 | D:9      | Found a shattered altar of Ashenzari.
 12216 | D:9      | Saw a vision of the Shoals and the Snake Pit.
 12216 | D:9      | Noticed a naga sharpshooter
 12216 | D:9      | Noticed a shock serpent
 12216 | D:9      | Noticed an anaconda
 12216 | D:9      | Noticed a sea snake
 12242 | D:9      | Reached *** piety under Vehumet
 12361 | D:9      | Found a staircase to the Lair.
 12630 | Lair:1   | Entered Level 1 of the Lair of Beasts
 12667 | Lair:1   | Learned a level 3 spell: Ignite Poison
 13587 | Lair:2   | Offered knowledge of Fulminant Prism by Vehumet.
 13633 | Lair:2   | Noticed a merfolk siren
 13658 | Lair:2   | Killed a merfolk siren
 13658 | Lair:2   | Reached skill level 12 in Conjurations
 13835 | Lair:2   | Found a staircase to the Shoals.
 14846 | Lair:3   | Noticed an elephant
 14846 | Lair:3   | Noticed an elephant
 14846 | Lair:3   | Noticed an elephant
 14866 | Lair:2   | Killed an elephant
 15013 | Lair:3   | Learned a level 6 spell: Bolt of Fire
 15016 | Lair:3   | Learned a level 2 spell: Throw Flame
 15156 | Lair:3   | Reached XP level 12. HP: 45/59 MP: 12/25
 15662 | Lair:3   | Noticed Fannar
 15673 | Lair:3   | Killed Fannar
 15777 | Lair:3   | Found a staircase to the Snake Pit.
 15789 | Lair:3   | Reached skill level 13 in Conjurations
 15791 | Lair:3   | Reached skill level 10 in Fire Magic
 15923 | Lair:3   | Reached **** piety under Vehumet
 15947 | Lair:3   | Noticed Sonja
 15961 | Lair:3   | Killed Sonja
 15961 | Lair:3   | Reached skill level 10 in Spellcasting
 16520 | Lair:4   | Offered knowledge of Bolt of Magma by Vehumet.
 17007 | Lair:4   | Reached skill level 14 in Conjurations
 17065 | Lair:4   | Reached XP level 13. HP: 54/63 MP: 12/27
 18653 | Lair:5   | Noticed a catoblepas
 18656 | Lair:5   | Killed a catoblepas
 18729 | Lair:5   | Found a staircase to the Slime Pits.
 19486 | Lair:6   | Entered Level 6 of the Lair of Beasts
 19997 | Lair:6   | Reached skill level 15 in Conjurations
 20006 | Lair:6   | Reached ***** piety under Vehumet
 20212 | Lair:6   | Offered knowledge of Conjure Ball Lightning by Vehumet.
 21453 | Lair:5   | Identified a scroll of acquirement
 21454 | Lair:5   | Got a pair of blackened gloves
 21455 | Lair:5   | Identified the +0 pair of gloves "Wenle" {rC- rN++ Dex+3 Stlth+} (You acquired it on level 5 of the Lair of Beasts)
 21631 | Lair:6   | Noticed a four-headed hydra
 21637 | Lair:6   | Killed a four-headed hydra
 21657 | Lair:6   | Reached XP level 14. HP: 68/68 MP: 29/29
 22379 | Lair:6   | Learned a level 5 spell: Bolt of Draining
 22579 | Lair:6   | Learned a level 1 spell: Pain
 22719 | Lair:6   | Reached skill level 16 in Conjurations
 22763 | Lair:6   | Found a burning altar of Makhleb.
 22770 | Lair:6   | Found a gateway to Hell.
 22996 | D:10     | Entered Level 10 of the Dungeon
 23062 | D:10     | Noticed Shaidar's ghost (novice MiBe)
 23359 | D:10     | Killed Shaidar's ghost
 24565 | D:11     | Found a labyrinth entrance.
 25696 | Orc:1    | Entered Level 1 of the Orcish Mines
 26082 | Orc:2    | Entered Level 2 of the Orcish Mines
 26082 | Orc:2    | Noticed an orc warlord
 26088 | Orc:2    | Killed an orc warlord
 26395 | Orc:1    | Noticed an orc warlord
 26404 | Orc:1    | Killed an orc warlord
 26427 | Orc:1    | Reached XP level 15. HP: 66/72 MP: 20/31
 26920 | Orc:2    | Noticed Urug
 26935 | Orc:2    | Killed Urug
 26937 | Orc:2    | Reached ****** piety under Vehumet
 26938 | Orc:2    | Reached skill level 17 in Conjurations
 27283 | Orc:2    | Noticed Saint Roka
 27290 | Orc:2    | Killed Saint Roka
 27290 | Orc:2    | Offered knowledge of Lightning Bolt by Vehumet.
 27708 | Orc:2    | Found a roughly hewn altar of Beogh.
 27715 | Orc:2    | Found Noclulafiepp's Book Boutique.
 27774 | Orc:2    | Found Haerud Zoddu's Antique Weapon Boutique.
 27918 | Orc:2    | Found Lit Ong's General Store.
 27953 | Orc:2    | Found Oskaggatz's Antique Armour Boutique.
 27963 | Orc:2    | Bought a pair of boots for 90 gold pieces
 27984 | Orc:2    | Bought a book of Ice for 845 gold pieces
 27991 | Orc:2    | Learned a level 6 spell: Freezing Cloud
 28007 | Orc:2    | Bought a potion of heal wounds for 50 gold pieces
 28007 | Orc:2    | Bought a scroll of magic mapping for 35 gold pieces
 28074 | Orc:2    | Found a staircase to the Elven Halls.
 28224 | Orc:2    | Found Billaa's Distillery.
 28232 | Orc:2    | Bought a potion of haste for 140 gold pieces
 28232 | Orc:2    | Bought a potion of heal wounds for 70 gold pieces
 28376 | Orc:2    | Learned a level 6 spell: Bolt of Cold
 28472 | D:12     | Noticed Azrael
 29019 | D:12     | Killed Azrael
 29346 | D:13     | Noticed Erolcha
 29354 | D:13     | Killed Erolcha
 30046 | D:13     | Found Kiuheob's Gadget Boutique.
 30090 | D:13     | Offered knowledge of Irradiate by Vehumet.
 30324 | D:13     | Found a gate to the Vaults.
 30334 | D:13     | Reached skill level 18 in Conjurations
 30548 | D:13     | Reached XP level 16. HP: 76/76 MP: 33/33
 30743 | D:13     | Noticed Nessos
 30749 | D:13     | Killed Nessos
 31666 | D:14     | Reached skill level 1 in Shields
 31903 | D:14     | Found Ellaeqyj's Jewellery Shop.
 32006 | D:14     | Bought an uncursed amulet of regeneration for 420 gold pieces
 32342 | D:14     | Found Muxzallyxe's Antique Weapon Shoppe.
 32345 | D:14     | Found Zivischue's Jewellery Shoppe.
 32366 | D:14     | Bought an uncursed amulet of magic regeneration for 420 gold pieces
 32606 | D:15     | Entered Level 15 of the Dungeon
 33034 | D:15     | Offered knowledge of Lee's Rapid Deconstruction by Vehumet.
 33118 | D:15     | Noticed NihilVerum's ghost (journeyman OgFE)
 33466 | Snake:1  | Entered Level 1 of the Snake Pit
 33713 | Snake:1  | Found a transporter.
 33714 | Snake:1  | Found a deep blue altar of Sif Muna.
 33746 | Snake:1  | Reached skill level 19 in Conjurations
 33792 | Snake:1  | Got a jewelled hat
 33803 | Snake:1  | Identified the +1 hat of Zatt {rPois MR- Str+2 Dex+3} (You found it on level 1 of the Snake Pit)
 33832 | Snake:1  | Reached XP level 17. HP: 80/80 MP: 33/35
 34825 | Snake:1  | Got a crude amber ring
 34831 | Snake:1  | Found a transporter.
 35024 | Snake:1  | Identified the ring "Piasuz" {+Fly MP+9} (You took it off a nagaraja on level 1 of the Snake Pit)
 35629 | Snake:3  | Found Sucleclu's Magic Scroll Boutique.
 35683 | Snake:2  | Found Vaumm's Distillery.
 35687 | Snake:2  | Bought a potion of heal wounds for 65 gold pieces
 35687 | Snake:2  | Bought 2 potions of curing for 78 gold pieces
 35986 | Snake:2  | Offered knowledge of Poison Arrow by Vehumet.
 36342 | Snake:3  | Reached skill level 15 in Fire Magic
 37339 | Snake:3  | Found Rigebuhe's General Store.
 37487 | Snake:3  | Reached skill level 15 in Spellcasting
 37625 | Snake:3  | Reached XP level 18. HP: 85/85 MP: 37/37
 37686 | Snake:3  | Reached skill level 20 in Conjurations
 38117 | Snake:4  | Entered Level 4 of the Snake Pit
 38186 | Snake:4  | Mangled by a guardian serpent

Vault maps used:
D:1:      dpeg_arrival_radiant
D:2:      uniq_crazy_yiuf_cottage
D:3:      overflow_temple_1_default
D:5:      minmay_temple_entry_trees, serial_shops, shop,
          nicolae_shop_overgrown_old_shop, nicolae_shop_trees,
          nicolae_shop_statue_plus, nicolae_shop_statue_plus, first_ration
D:6:      lemuel_round_altar, serial_glass, glass_columns_a, glass_columns_b,
          basic_altar
D:7:      elyvilon_altar_3, lemuel_round_altar, enter_bailey_3, serial_shops,
          shop
D:8:      gammafunk_temple_overflow_elements,
          nicolae_ru_great_annihilating_truth, serial_shops, shop_coins,
          minmay_hedge_maze, blue_anna_alchemist
D:9:      lair_entry_dummy, orc_david_3, serial_bayou, serial_bayou_pond_b,
          serial_bayou_pond_b, serial_bayou_pond_a, serial_bayou_ford_a,
          minmay_misc_feat_square, grunt_ashenzari_visionary
D:11:     lab_entry_generic
D:12:     uniq_azrael
D:13:     erik_vaults_2, serial_shops, shop, nrook_guardian_serpent_ordinary,
          uniq_nessos, uniq_erolcha
D:14:     minmay_misc_feat_plants, serial_shops, shop,
          nicolae_shop_window_shopping, nicolae_shop_window_shopping
D:15:     grunt_enter_depths_magical_seal
Temple:   regret_index_temple_generic_petals
Lair:1:   lemuel_fruit_fields, lemuel_fruit_fields
Lair:2:   elwin_shoals_entry_stream
Lair:3:   minmay_snake_entry_guardpost_small, grunt_megastairs_1, uniq_sonja,
          uniq_fannar
Lair:4:   beast_lair_carwin_4, serial_bayou_shore_a, lemuel_fruit_fields,
          minmay_lair_oklob_chamber
Lair:5:   minmay_slime_entry_oklob_open
Lair:6:   evil_forest, grunt_forest_stairs_basic, st_stairs_3,
          patterned_corridor
Snake:1:  gammafunk_sealed_library
Snake:2:  serial_shops, shop
Snake:3:  serial_shops, nicolae_shop_trees, shop,
          portal_ice_cave_entry_pillars_four
Snake:4:  johnstein_snake_rune_scales, lightli_airlock, minmay_shoptagon
Orc:2:    grunt_orc_cross, serial_shops, shop

Skill      XL: |  1  2  3  4  5  6  7  8  9 10 11 12 13 14 15 16 17 18 |
---------------+-------------------------------------------------------+-----
Conjurations   | 2 3 4 5 7 9 11 12 14 15 16 18 19 20 | 20.1
Spellcasting   | 3 4 5 6 8 9 10 11 12 13 14 15 | 15.1
Fire Magic     | 4 5 7 8 9 10 11 12 13 14 15 | 15.2
Shields        | 3 4 |  4.9
Dodging        | |  2.4
Stealth        | |  2.6

Action                   |  1- 3 |  4- 6 |  7- 9 | 10-12 | 13-15 | 16-18 || total
-------------------------+-------+-------+-------+-------+-------+-------++-------
Melee: Rapier            |       |     4 |       |       |       |       ||     4
       Dagger            |       |       |    32 |    62 |       |       ||    94
       Staff             |       |       |       |     3 |     1 |       ||     4
Throw: Stone             |    10 |    54 |    41 |     6 |       |       ||   111
 Cast: Flame Tongue      |    46 |    98 |   278 |   278 |       |       ||   700
       Conjure Flame     |       |     1 |    13 |     5 |     4 |     2 ||    25
       Sticky Flame      |       |     1 |    10 |    50 |    50 |    18 ||   129
       Fireball          |       |       |     1 |    41 |   179 |   178 ||   399
       Magic Dart        |       |       |       |     8 |    10 |       ||    18
       Throw Flame       |       |       |       |    74 |   450 |    57 ||   581
       Bolt of Fire      |       |       |       |     5 |    61 |    66 ||   132
       Ignite Poison     |       |       |       |     1 |       |       ||     1
       Regeneration      |       |       |       |       |     2 |     1 ||     3
       Bolt of Cold      |       |       |       |       |    11 |    43 ||    54
       Freezing Cloud    |       |       |       |       |     1 |    17 ||    18
Evoke: Wand              |       |       |       |       |    21 |     4 ||    25
  Use: Scroll            |     1 |     6 |     6 |     4 |    27 |    11 ||    55
       Potion            |       |     1 |       |     7 |     8 |     8 ||    24
  Eat: Chunk             |    11 |    11 |    17 |    29 |    51 |    29 ||   148
Armor: Robe              |     2 |     3 |    14 |       |    12 |    14 ||    45
       Leather armour    |       |       |    10 |    46 |    18 |       ||    74
Dodge: Dodged            |    11 |    28 |    59 |    73 |    65 |    60 ||   296

Table legend:
 A = Spawn XP
 B = Non-spawn XP
 C = Spawn XP percentage of total XP
 D = Spawn monster count
 E = Non-spawn monster count
 F = Spawn count percentage of total count
 G = Total turns spent on level
                    A         B        C        D         E        F      G
               +---------+---------+-------+---------+---------+-------+---------
         Total |       0 |  213896 |   0.0 |       0 |     910 |   0.0 | 38186
               +---------+---------+-------+---------+---------+-------+---------
           D:1 |       0 |      31 |   0.0 |       0 |      18 |   0.0 |   901
           D:2 |       0 |      95 |   0.0 |       0 |      13 |   0.0 |  1131
           D:3 |       0 |     270 |   0.0 |       0 |      31 |   0.0 |  1516
           D:4 |       0 |     451 |   0.0 |       0 |      28 |   0.0 |  1376
           D:5 |       0 |     827 |   0.0 |       0 |      25 |   0.0 |  1832
           D:6 |       0 |    1870 |   0.0 |       0 |      33 |   0.0 |  1977
           D:7 |       0 |    1129 |   0.0 |       0 |      33 |   0.0 |  1010
           D:8 |       0 |    1967 |   0.0 |       0 |      29 |   0.0 |  1352
           D:9 |       0 |    1957 |   0.0 |       0 |      37 |   0.0 |  1573
          D:10 |       0 |    4903 |   0.0 |       0 |      35 |   0.0 |   900
          D:11 |       0 |    6601 |   0.0 |       0 |      53 |   0.0 |  1417
          D:12 |       0 |    8436 |   0.0 |       0 |      39 |   0.0 |  1195
          D:13 |       0 |   18530 |   0.0 |       0 |      69 |   0.0 |  2217
          D:14 |       0 |   15760 |   0.0 |       0 |      40 |   0.0 |  1112
          D:15 |       0 |   11903 |   0.0 |       0 |      27 |   0.0 |   682
        Lair:1 |       0 |    1640 |   0.0 |       0 |      11 |   0.0 |   947
        Lair:2 |       0 |    4430 |   0.0 |       0 |      19 |   0.0 |  1410
        Lair:3 |       0 |    5336 |   0.0 |       0 |      21 |   0.0 |  1251
        Lair:4 |       0 |   10121 |   0.0 |       0 |      31 |   0.0 |  1916
        Lair:5 |       0 |    4491 |   0.0 |       0 |      14 |   0.0 |  1938
        Lair:6 |       0 |   19802 |   0.0 |       0 |      63 |   0.0 |  2938
       Snake:1 |       0 |   22504 |   0.0 |       0 |      35 |   0.0 |  1520
       Snake:2 |       0 |   24204 |   0.0 |       0 |      41 |   0.0 |  1793
       Snake:3 |       0 |   21306 |   0.0 |       0 |      34 |   0.0 |  1338
       Snake:4 |       0 |    3524 |   0.0 |       0 |      10 |   0.0 |    69
         Orc:1 |       0 |    4073 |   0.0 |       0 |      46 |   0.0 |  1292
         Orc:2 |       0 |   17735 |   0.0 |       0 |      75 |   0.0 |  1408
               +---------+---------+-------+---------+---------+-------+---------
